 Dungeon Crawl Stone Soup version 0.24-a0-244-ga6a6ab7d13 (webtiles) character file.

Game seed: 7828474354540592898

21 Flugkiller the Insei (level 2, -2/24 HPs)
             Began as a Demonspawn Monk on Apr 10, 2019.
             Slain by a hippogriff (12 damage)
             ... on level 2 of the Dungeon.
             The game lasted 00:01:45 (1354 turns).

Flugkiller the Insei (Demonspawn Monk)              Turns: 1354, Time: 00:01:46

Health: -2/24      AC:  3    Str: 11    XL:     2   Next: 62%
Magic:  2/2        EV: 13    Int: 11    God:
Gold:   85         SH:  0    Dex: 15    Spells: 1/1 levels left

rFire    . . .     SeeInvis .     - Unarmed
rCold    . . .     Gourm    .   (no shield)
rNeg     . . .     Faith    .   a - +1 robe
rPois    .         Spirit   .   (helmet restricted)
rElec    .         Reflect  .   (no cloak)
rCorr    .         Harm     .   (no gloves)
MR       .....                  (no boots)
Stlth    ++........             (no amulet)
HPRegen  0.08/turn              (no ring)
MPRegen  0.08/turn              (no ring)

@: no status effects
A: antennae 1
a: no special abilities


You were on level 2 of the Dungeon.
You were not hungry.

You visited 1 branch of the dungeon, and saw 2 of its levels.

You collected 85 gold pieces.

Inventory:

Armour
 a - a +1 robe (worn)
Jewellery
 e - an uncursed ring of ice
   (You found it on level 1 of the Dungeon)
Scrolls
 d - a scroll of teleportation {unknown}
 f - a scroll of enchant armour
 g - a scroll of remove curse {unknown}
Potions
 h - a potion of curing {unknown}
 i - a potion of magic {unknown}
Comestibles
 b - 3 rations
 c - 2 chunks of flesh


   Skills:
 - Level 3.0 Fighting
 - Level 2.6 Dodging
 - Level 1.7 Stealth
 + Level 3.6 Unarmed Combat


You had one spell level left.
You didn't know any spells.
Your spell library was empty.

Dungeon Overview and Level Annotations

Branches:
Dungeon (2/15)

Altars:


Innate Abilities, Weirdness & Mutations

You have a pair of small antennae on your head.


Message History

a +0 dagger; a goblin skeleton
Things that are here:
a +0 dagger; a goblin skeleton Eating one of 2 chunks of flesh.
You eat one of the 2 chunks of flesh.
This raw flesh tastes terrible.
h - a fuming ruby potion
Things that are here:
a +0 dagger; a goblin skeleton
Things that are here:
a +0 dagger; a +0 robe; a kobold corpse You butcher the frilled lizard corpse.
c - 2 chunks of flesh (gained 1)
You see here a frilled lizard skeleton. x2
Things that are here:
a +0 dagger; 2 stones
i - a viscous orange potion HP restored.
A hippogriff comes into view.
A hippogriff is nearby!
A hippogriff is nearby!
Unknown command.
The helpless hippogriff fails to defend itself.
You hit the hippogriff.
The hippogriff is lightly wounded.
The hippogriff bites you. The hippogriff pecks you.
The hippogriff closely misses you.
You hit the hippogriff but do no damage.
The hippogriff is lightly wounded.
The hippogriff bites you!
* * * LOW HITPOINT WARNING * * *
The hippogriff closely misses you. The hippogriff claws you!
* * * LOW HITPOINT WARNING * * *
A leopard gecko comes into view.
The leopard gecko hisses angrily.
The hippogriff misses you. The hippogriff barely misses you. x2
The hippogriff closely misses you.
The hippogriff pecks you but does no damage.
The hippogriff claws you but does no damage.
There is a stone staircase leading down here.
There is a stone staircase leading up here.
The leopard gecko hisses menacingly.
There is a stone staircase leading up here.
Press: ? - help, v - describe, . - travel
Here: a hippogriff A stone staircase leading up.
The leopard gecko hisses menacingly.
There is a stone staircase leading up here.
The hippogriff bites you!
Ouch! That really hurt!
You die...

....#### ####...#.......##...#
..#....# #......##.......#...#
.#####.###.##..........#.#l..#
....................##...#...#
######..........##....##.###.#
##..............##......#.##
####............l#######......#
.........#####..H# #......###
##...##.## ##.@## ####......
...## #.# #...#########......
.# #.# #.........l{....... #.#
#..........#....... #.#
#........##..#..).. ...
........#####.##..... ...
##.###### ######### ... ....


You could see a hippogriff and a leopard gecko.

Vanquished Creatures
  An ooze (D:1)
  A worm (D:2)
  A bat (D:1)
  4 goblins
  2 hobgoblins (D:1)
  2 kobolds (D:2)
  2 frilled lizards
13 creatures vanquished.

Notes
Turn   | Place    | Note
-------+----------+-------------------------------------------
     0 | D:1      | Flugkiller the Demonspawn Monk began the quest for the Orb.
     0 | D:1      | Reached XP level 1. HP: 18/18 MP: 1/1
   220 | D:1      | Gained mutation: You have a pair of small antennae on your
                  | head. [demonic ancestry]
   220 | D:1      | Reached XP level 2. HP: 21/24 MP: 2/2
  1231 | D:2      | Noticed a hippogriff
  1239 | D:2      | HP: 1/24 [hippogriff (7)]
  1354 | D:2      | Slain by a hippogriff

Levels and vault maps discovered:
D:1:      saegor_arrival_simple_d, layout_basic
D:2:      layout_rooms, eat_drink_and_be_merry_uskayaw,
          lemuel_coloured_pillars_altar

Skill      XL: |  1 |
---------------+----+-----
Unarmed Combat | 3 |  3.6
Fighting       | |  3.0
Dodging        | |  2.6
Stealth        | |  1.7

Action                   || total
-------------------------++-------
Melee: Unarmed           ||    62
       Punch             ||     2
  Use: Scroll            ||     1
 Stab: Sleeping          ||     4
  Eat: Chunk             ||     1
Armor: Robe              ||    11
Dodge: Dodged            ||    48

Table legend:
 A = Non-vault XP
 B = Vault XP
 C = Vault XP percentage of total XP
 D = Non-vault monster count
 E = Vault monster count
 F = Vault count percentage of total count
                 A         B        C        D         E       F
            +---------+---------+-------+---------+---------+-------
      Total |      30 |       0 |   0.0 |      13 |       0 |   0.0
            +---------+---------+-------+---------+---------+-------
        D:1 |      20 |       0 |   0.0 |       8 |       0 |   0.0
        D:2 |      10 |       0 |   0.0 |       5 |       0 |   0.0
            +---------+---------+-------+---------+---------+-------
